 Dungeon Crawl Stone Soup version 0.26-a0-660-gc07710193c (webtiles) character file.

Game seed: 4829216878064447161

4131 Dittersdorf the Blocker (level 10, -2/65 HPs)
             Began as a Gargoyle Fighter on Oct 6, 2020.
             Was a Believer of Qazlal.
             Slain by an orc
             ... wielding a cursed +0 mace
              (3 damage)
             ... on level 9 of the Dungeon.
             The game lasted 00:14:18 (8265 turns).

Dittersdorf the Blocker (Gargoyle Fighter)          Turns: 8265, Time: 00:14:18

Health: -2/65      AC: 23    Str: 29    XL:     10   Next: 27%
Magic:  10/10      EV:  6    Int:  9    God:    Qazlal [**....]
Gold:   481        SH: 21    Dex: 15    Spells: 9/9 levels left

rFire    . . .     SeeInvis .   a - +1 flail
rCold    . . .     Faith    .   c - +0 kite shield
rNeg     + . .     Spirit   .   v - +1 plate armour
rPois    ∞         Reflect  +   (no helmet)
rElec    +         Harm     .   (no cloak)
rCorr    .         Rampage  .   (no gloves)
MR       .....                  j - +0 pair of boots
Stlth    ..........             y - amulet of reflection
HPRegen  0.20/turn              s - +6 ring of strength
MPRegen  0.12/turn              u - +6 ring of dexterity

@: marked
A: negative energy resistance 1, electricity resistance, unbreathing,
petrification resistance, rot immunity, AC +7
a: Upheaval, Renounce Religion


You were on level 9 of the Dungeon.
You worshipped Qazlal.
Qazlal was pleased with you.
You visited 2 branches of the dungeon, and saw 10 of its levels.
You also visited: Ossuary.

You collected 481 gold pieces.

Inventory:

Hand Weapons
 a - a +1 flail (weapon)
Missiles
 h - 21 poisoned darts (quivered)
Armour
 c - a +0 kite shield (worn)
 j - a +0 pair of boots (worn)
 v - a +1 plate armour (worn)
Jewellery
 s - a +6 ring of strength (left hand)
 u - a +6 ring of dexterity (right hand)
 y - an amulet of reflection (around neck)
Wands
 l - a wand of disintegration (8)
 t - a wand of iceblast (7)
 A - a wand of digging (10)
Scrolls
 b - 3 scrolls of immolation
 e - 4 scrolls of remove curse
 f - a scroll of enchant weapon
 k - a scroll of magic mapping
 m - a scroll of enchant armour
 o - 2 scrolls of fog
 x - a scroll of identify
Potions
 d - 3 potions of might
 g - a potion of heal wounds
 i - 2 potions of resistance
 n - 3 potions of flight
 q - 3 potions of mutation
 r - 2 potions of haste
 w - a potion of stabbing
 z - a potion of cancellation {unknown}
 B - a potion of magic


   Skills:
 + Level 8.7 Fighting
 + Level 7.5 Maces & Flails
 + Level 8.6 Armour
 + Level 8.7 Shields


You had 9 spell levels left.
You didn't know any spells.
Your spell library contained the following spells:

 Spells                   Type           Power        Failure   Level
 Magic Dart               Conj           #...         100%        1
 Blink                    Tloc           N/A          100%        2
 Call Imp                 Summ           #.......     100%        2
 Slow                     Hex            #.......     100%        2
 Conjure Flame            Conj/Fire      #.......     100%        3
 Mephitic Cloud           Conj/Pois/Air  #.......     100%        3


Dungeon Overview and Level Annotations

Branches:
Dungeon (9/15)             Temple (1/1) D:4         Ossuary (visited)
   Lair: D:8-11         Orc: D:9-12

Altars:
Ashenzari
Cheibriados
Dithmenos
Elyvilon
Fedhas
Gozag
Hepliaklqana
Kikubaaqudgha
Makhleb
Nemelex Xobeh
Okawaru
Qazlal
Ru
Sif Muna
Trog
Uskayaw
Vehumet
Wu Jian
Xom
Yredelemnul
Zin
The Shining One

Annotations:
D:9 Erica, Erolcha, Harold, Pikel


Innate Abilities, Weirdness & Mutations

You are resistant to torment.
Your stone body is resilient. (AC +7)
You are immune to poison.
You resist negative energy. (rN+)
You are resistant to electric shocks. (rElec)
You can survive without breathing.
You are immune to petrification.
You are immune to rotting.


Message History

* * * LOW HITPOINT WARNING * * *
The gnoll shaman hits you but does no damage.
The orc priest hits you but does no damage.
The orc barely misses you.
The gnoll hits you from afar with a +4 spear.
* * * LOW HITPOINT WARNING * * *
The orc hits you but does no damage. You block the wyvern's attack.
You sock the orc priest!
You kill the orc priest!
Qazlal accepts your kill.
You block the gnoll's attack. x2; The orc hits you but does no damage.
A lemure comes into view.
The wyvern hisses menacingly.
The wyvern bites you but does no damage.
Harold hits you with a +0 scimitar!
* * * LOW HITPOINT WARNING * * *
You block the gnoll's attack. The gnoll shaman barely misses you.
The gnoll hits you but does no damage. You block the orc's attack.
The orc hits you with a cursed +0 mace.
You die...

#....≈)...(.....#
#####...............###
.......................
.#####<######.#####.##
#.# #O# # #.# #.# # #.#
#F# .#
#.######l#####.###
..5.Zgggg@§o......
#####KFgoo@Z..###
#..gg@S...# #.$go..†<.#
#.........# #.........#
.>..)/...(..
#.########... #. ....


You could see Harold, Erica, Erolcha, Pikel, a wyvern, a lemure, 2 bullfrogs, a
gnoll shaman, 7 gnolls, an adder, 4 orcs, a worker ant zombie and an adder
skeleton.

Vanquished Creatures
  Joseph (D:6)
  Psyche (D:9)
  Prince Ribbit (D:6)
  Grum (D:8)
  Menkaure (D:6)
  Duvessa (D:6)
  2 sky beasts
  An ice beast (D:7)
  3 phantoms
  4 centaurs
  3 ogres
  2 wolves (D:8)
  A big kobold (D:7)
  4 bullfrogs
  2 wyvern zombies
  Dowan (D:6)
  4 water moccasin zombies (Ossuary)
  2 scorpions
  2 howler monkeys
  A centaur zombie (D:4)
  2 hounds
  2 jellies
  2 orc priests
  3 orc wizards
  A bullfrog skeleton (D:9)
  Jessica (D:2)
  2 iguanas
  3 worker ants
  2 big kobold zombies (Ossuary)
  A hound skeleton (D:4)
  2 mummies (Ossuary)
  9 adders
  2 ufetubi
  2 oozes
  4 adder zombies
  2 adder skeletons (D:2)
  5 worms
  10 dart slugs
  4 leopard geckos
  12 orcs
  A bat skeleton (D:2)
  2 bat zombies (D:2)
  A giant cockroach (D:5)
  9 goblins
  2 hobgoblins (D:1)
  5 quokkas
  10 bats
  6 frilled lizards
  A giant cockroach zombie (D:2)
  2 gnoll zombies (Ossuary)
  5 hobgoblin zombies (Ossuary)
  13 kobolds
  7 kobold zombies (Ossuary)
  2 orc zombies (Ossuary)
  A quokka skeleton (D:6)
  6 rats
182 creatures vanquished.

Vanquished Creatures (others)
  An orc (D:7)
  5 toadstools (D:1)
6 creatures vanquished.

Grand Total: 188 creatures vanquished

Notes
Turn   | Place    | Note
-------+----------+-------------------------------------------
     0 | D:1      | Dittersdorf the Gargoyle Fighter began the quest for the
                  | Orb.
     0 | D:1      | Reached XP level 1. HP: 14/14 MP: 1/1
   114 | D:1      | Reached XP level 2. HP: 18/19 MP: 2/2
   847 | D:2      | Reached XP level 3. HP: 13/24 MP: 3/3
  1135 | D:2      | Noticed Jessica
  1146 | D:2      | Killed Jessica
  1146 | D:2      | Reached XP level 4. HP: 20/29 MP: 4/4
  1866 | D:3      | Found a stormy altar of Qazlal.
  1875 | D:3      | Reached XP level 5. HP: 30/33 MP: 5/5
  3015 | D:4      | Reached XP level 6. HP: 39/39 MP: 6/6
  3307 | D:4      | Found a staircase to the Ecumenical Temple.
  3316 | Temple   | Entered the Ecumenical Temple
  3390 | Temple   | Became a worshipper of Qazlal Stormbringer
  3893 | D:4      | Noticed a phantom
  3923 | D:4      | Killed a phantom
  3923 | D:4      | Reached skill level 5 in Fighting
  3923 | D:4      | Reached skill level 5 in Armour
  3923 | D:4      | Reached skill level 5 in Shields
  3923 | D:4      | Reached XP level 7. HP: 39/44 MP: 7/7
  3986 | D:5      | Entered Level 5 of the Dungeon
  4126 | D:5      | Found a sand-covered staircase.
  4270 | Ossuary  | Entered an ossuary
  4348 | Ossuary  | Reached * piety under Qazlal
  4410 | Ossuary  | Reached XP level 8. HP: 51/51 MP: 8/8
  4731 | D:5      | Reached skill level 5 in Maces & Flails
  5267 | D:6      | Noticed Menkaure
  5282 | D:6      | Killed Menkaure
  5356 | D:6      | Noticed Duvessa
  5356 | D:6      | Noticed Dowan
  5369 | D:6      | Killed Duvessa
  5382 | D:6      | Killed Dowan
  5746 | D:6      | Reached ** piety under Qazlal
  5803 | D:6      | Reached XP level 9. HP: 56/56 MP: 9/9
  6293 | D:7      | Noticed Joseph
  6524 | D:7      | Noticed Prince Ribbit
  6541 | D:6      | Killed Prince Ribbit
  6778 | D:6      | Killed Joseph
  7923 | D:8      | Noticed Grum
  7930 | D:8      | Reached XP level 10. HP: 64/64 MP: 10/10
  7940 | D:8      | Found an iron altar of Okawaru.
  7952 | D:8      | Killed Grum
  8186 | D:9      | Noticed Psyche
  8194 | D:9      | Killed Psyche
  8235 | D:9      | Noticed Harold
  8260 | D:9      | Noticed Erica
  8261 | D:9      | Noticed Pikel
  8263 | D:9      | Noticed Erolcha
  8265 | D:9      | HP: 1/65 [Harold/+0 scimitar (13)]
  8265 | D:9      | Slain by an orc

Illustrated notes

Levels and vault maps discovered:
D:1:      ldierk_walled_garden, layout_basic
D:2:      layout_loops_ring, serial_undead, serial_undead_d, serial_undead_c,
          serial_undead_d, serial_undead_a, serial_undead_f, serial_undead_e,
          uniq_jessica
D:3:      layout_basic, nicolae_qazlal_general_emergency
D:4:      layout_basic, temple_pool_b
D:5:      kennysheep_slugbush, layout_basic, enter_ossuary_1
D:6:      layout_layer_cave, hangedman_decor_slide_cut, uniq_menkaure,
          uniq_duvessa
D:7:      layout_rooms, uniq_joseph, uniq_prince_ribbit1
D:8:      layout_rooms, kennysheep_okawaru_gauntlet, uniq_grum
D:9:      layout_small_grid, statue_in_the_mist_lemuel, uniq_erolcha,
          uniq_erica, uniq_harold, uniq_pikel, uniq_psyche
Temple:   dpeg_three_leaves_temple

Skill      XL: |  1  2  3  4  5  6  7  8  9 |
---------------+----------------------------+-----
Fighting       | 4 5 6 8 |  8.7
Shields        | 4 5 6 8 |  8.7
Armour         | 4 5 6 8 |  8.6
Maces & Flails | 3 4 5 7 |  7.5

Action                   |  1- 3 |  4- 6 |  7- 9 | 10-12 || total
-------------------------+-------+-------+-------+-------++-------
Melee: Flail             |   105 |   209 |   400 |    48 ||   762
Invok: Upheaval          |       |       |       |     2 ||     2
  Use: Scroll            |       |     5 |    14 |     2 ||    21
       Potion            |       |       |     3 |       ||     3
Armor: Scale mail        |    66 |    58 |       |       ||   124
       Chain mail        |       |    65 |    99 |       ||   164
       Plate armour      |       |       |   113 |    76 ||   189
       Skin              |       |       |     3 |       ||     3
Dodge: Dodged            |    42 |    66 |    80 |    23 ||   211
Block: Kite shield       |    62 |   137 |   318 |    84 ||   601

Table legend: (Time is in decaauts)
 A = Elapsed time spent in this place.
 B = Non-inter-level travel time spent in this place.
 C = Inter-level travel time spent in this place.
 D = Time resting spent in this place.
 E = Time spent auto-exploring this place.
 F = Levels seen in this place.
 G = Mean time per level.
                   A        B        C        D        E       F      G
               +--------+--------+--------+--------+--------+-----+--------+
         Total |   8459 |   7816 |    643 |   1319 |   4615 |  11 |  769.0 |
       Dungeon |   8099 |   7456 |    643 |   1280 |   4615 |   9 |  899.9 |
        Temple |     81 |     81 |      0 |      0 |      0 |   1 |   81.0 |
       Ossuary |    278 |    278 |      0 |     39 |      0 |   1 |  278.0 |
               +--------+--------+--------+--------+--------+-----+--------+

Top non-repeatable levels by time:
     D:6: 1717 daAuts
     D:3: 1225 daAuts
     D:2: 1144 daAuts
     D:5: 1066 daAuts
     D:1: 835 daAuts
     D:4: 823 daAuts
     D:8: 724 daAuts
     D:7: 481 daAuts
 Ossuary: 278 daAuts
  Temple: 81 daAuts
     D:9: 81 daAuts
